Map: Whitewater Line LE

Players

Throwfordays - Winner!

  • Race: Protoss Protoss
  • Spawn Location: 12:00

Cthulhu - Winner!

  • Race: Terran Terran
  • Spawn Location: 1:00

Faust - Winner!

  • Race: Zerg Zerg
  • League: Diamond
  • Spawn Location: 1:00

SaharaLockwd

  • Race: Protoss Protoss
  • Spawn Location: 7:00

bearPolar

  • Race: Terran Terran
  • Spawn Location: 7:00

Crugalug

  • Race: Protoss Protoss
  • Spawn Location: 6:00

VOD

Have the link to the VOD?

Description

Time

  • Played on: March 22, 2021, 11:17 p.m.
  • Length: 9:39
Show
View Real Time Build Order
Export as new Build Order

Throwfordays Protoss - Winner!

Build Orders:  

Get SALT Encoding   

  12  0:00  Probe (Chrono Boost)  
  13  0:12  Probe (Chrono Boost)  
  14  0:19  Probe (Chrono Boost)  
  15  0:22  Pylon  
  15  0:31  Assimilator  
  15  0:40  Probe  
  16  0:49  Forge  
  16  0:52  Probe  
  17  1:04  Probe  
  17  1:06  Gateway  
  18  1:16  Probe  
  19  1:28  Probe  
  20  1:33  Assimilator  
  20  1:47  Nexus  
  20  1:58  Probe  
  20  2:00  Pylon  
  21  2:10  Probe  
  21  2:14  Cybernetics Core  
  22  2:22  Probe  
  23  2:26  Photon Cannon  
  23  2:38  Photon Cannon  
  23  2:47  Warp Gate (Chrono Boost)  
  23  2:50  Photon Cannon  
  24  2:59  Probe (Chrono Boost)  
  24  3:00  Probe (Chrono Boost)  
  25  3:08  Probe (Chrono Boost)  
  25  3:10  Probe (Chrono Boost)  
  27  3:13  Probe (Chrono Boost)  
  28  3:20  Probe  
  28  3:25  Probe  
  30  3:32  Probe  
  31  3:37  Probe  
  32  3:44  Probe  
  33  3:49  Stargate, Probe  
  34  3:56  Pylon, Probe  
  34  4:02  Assimilator, Probe  
  36  4:05  Assimilator  
  36  4:08  Probe  
  37  4:14  Probe  
  37  4:16  Protoss Shields Level 1 (Chrono Boost)  
  38  4:18  Stargate  
  38  4:20  Probe  
  39  4:26  Probe  
  40  4:36  Protoss Air Weapons Level 1  
  40  4:38  Probe (Chrono Boost)  
  42  4:48  Probe x2 (Chrono Boost)  
  42  4:49  Stargate  
  42  4:52  Stargate  
  43  4:53  Probe (Chrono Boost)  
  43  4:54  Probe  
  45  5:01  Fleet Beacon  
  45  5:07  Probe  
  45  5:08  Adept  
  47  5:17  Probe  
  48  5:37  Void Ray  
  52  5:50  Pylon  
  52  5:52  Pylon  
  52  5:57  Nexus  
  52  6:00  Pylon  
  52  6:02  Void Ray x2  
  52  6:03  Pylon  
  52  6:04  Void Ray  
  52  6:05  Assimilator  
  52  6:09  Assimilator  
  64  6:13  Pylon  
  64  6:31  Photon Cannon  
  64  6:35  Photon Cannon  
  64  6:36  Photon Cannon  
  64  6:39  Shield Battery, Photon Cannon  
  64  6:42  Shield Battery  
  64  6:43  Shield Battery  
  64  6:45  Shield Battery  
  64  6:47  Probe  
  64  6:50  Probe  
  66  6:54  Pylon  
  66  6:59  Probe  
  67  7:02  Probe  
  67  7:04  Photon Cannon  
  67  7:07  Photon Cannon  
  68  7:10  Probe  
  68  7:11  Probe  
  68  7:14  Probe  
  71  7:22  Probe  
  72  7:23  Probe  
  72  7:27  Probe  
  74  7:34  Probe  
  74  7:35  Probe  
  76  7:39  Pylon, Probe  
  76  7:41  Pylon  
  76  7:44  Pylon x2  
  77  7:50  Probe  
  78  8:02  Probe  
  79  8:15  Probe  
  80  8:25  Carrier x4  
  104  8:27  Nexus  
  104  8:29  Pylon x2  
  104  8:48  Stargate  
  104  8:49  Stargate  
  104  8:51  Stargate  
  104  9:10  Photon Cannon  
  104  9:11  Photon Cannon  
  104  9:13  Photon Cannon  
  104  9:33  Twilight Council  
  104  9:36  Cybernetics Core  
Show
View Real Time Build Order
Export as new Build Order

Cthulhu Terran - Winner!

Build Orders: 1/1/1 

Get SALT Encoding   

  12  0:01  SCV  
  13  0:17  Supply Depot  
  13  0:22  SCV  
  14  0:34  SCV  
  15  0:36  Refinery  
  15  0:44  Barracks  
  15  0:47  SCV  
  16  0:59  SCV  
  17  1:04  Refinery  
  17  1:11  SCV  
  18  1:31  Orbital Command  
  18  1:33  Supply Depot  
  18  1:40  Factory  
  18  2:13  Command Center  
  18  2:19  SCV  
  19  2:28  Starport  
  19  2:32  SCV  
  19  2:35  Marine  
  21  2:47  SCV  
  22  2:59  SCV  
  22  3:01  Marine  
  24  3:12  Factory Reactor, Starport Reactor  
  24  3:15  Starport  
  24  3:17  SCV  
  25  3:22  Armory  
  25  3:25  Supply Depot  
  25  3:32  Orbital Command  
  25  3:35  SCV  
  26  3:46  Marine  
  27  3:55  Viking  
  29  4:03  Viking  
  29  4:04  Viking  
  34  4:17  SCV x2  
  34  4:19  Viking  
  34  4:23  Terran Ship Weapons Level 1  
  37  4:30  Viking  
  39  4:36  SCV x2  
  41  4:48  Marine  
  41  4:49  Viking  
  41  4:50  Viking  
  46  4:55  Refinery  
  46  4:59  Refinery, SCV x2  
  48  5:08  Viking, Widow Mine  
  52  5:14  SCV x2  
  54  5:34  Supply Depot  
  54  5:38  Factory Reactor  
  54  5:47  Starport  
  54  5:55  Viking, SCV x2  
  58  6:00  Viking x2  
  62  6:06  Supply Depot  
  62  6:16  SCV x2  
  64  6:30  SCV x2  
  64  6:31  Viking x4  
  74  6:41  Viking x2  
  74  6:45  Factory Tech Lab  
  78  6:50  Ghost Academy  
  78  6:52  Supply Depot  
  78  7:04  Terran Ship Weapons Level 2  
  78  7:11  Widow Mine  
  78  7:14  Viking  
  82  7:32  Widow Mine  
  82  7:33  Viking  
  82  7:34  Viking x2  
  90  7:38  Supply Depot  
  90  7:46  Viking  
  90  7:47  Barracks Tech Lab  
  90  7:51  Viking  
  94  8:00  SCV x2  
  96  8:11  Viking  
  96  8:12  Viking, SCV  
  101  8:16  Supply Depot  
  101  8:21  Supply Depot  
  101  8:56  SCV x2  
Show
View Real Time Build Order
Export as new Build Order

Faust Zerg - Winner!

Build Orders: Hatch First 

Get SALT Encoding   

  12  0:01  Drone  
  13  0:09  Drone  
  14  0:15  Extractor  
  14  0:16  Drone  
  14  0:18  Extractor  
  13  0:22  Drone  
  16  0:29  Overlord  
  17  0:50  Drone x2  
  18  0:58  Hatchery  
  17  1:16  Spawning Pool  
  17  1:17  Drone  
  17  1:39  Drone  
  18  1:41  Drone  
  18  1:44  Drone  
  20  1:48  Hatchery  
  20  1:51  Drone  
  20  2:03  Queen, Overlord  
  22  2:13  Drone x2  
  24  2:20  Overlord  
  24  2:24  Drone  
  24  2:27  Queen  
  27  2:35  Drone x2  
  29  2:44  Extractor x2, Drone  
  30  2:45  Drone  
  29  2:57  Drone x2  
  31  3:01  Drone  
  31  3:02  Queen  
  34  3:13  Overlord  
  34  3:15  Drone x3  
  34  3:18  Drone x3  
  40  3:27  Extractor  
  40  3:28  Extractor, Drone x3  
  40  3:33  Drone  
  42  3:34  Drone  
  42  3:37  Drone  
  42  3:38  Drone x3  
  47  3:52  Lair  
  47  3:56  Drone x6  
  47  4:01  Overlord  
  53  4:22  Metabolic Boost  
  53  4:28  Extractor, Drone x5  
  53  4:29  Zergling x16, Extractor  
  64  4:36  Overlord  
  64  4:39  Overlord  
  64  4:44  Drone, Roach Warren  
  64  4:46  Drone  
  65  4:53  Spire  
  65  4:54  Drone x2  
  65  4:56  Queen  
  68  5:08  Drone x3  
  68  5:09  Drone x3  
  74  5:15  Drone x4  
  74  5:16  Drone x2  
  80  5:26  Hatchery  
  80  5:28  Extractor  
  78  5:32  Extractor  
  78  5:34  Overlord x3  
  77  5:42  Spore Crawler, Evolution Chamber  
  76  5:45  Drone x3  
  76  5:46  Drone  
  76  5:47  Drone  
  80  5:50  Spore Crawler  
  80  5:51  Spore Crawler  
  80  5:55  Drone x4  
  82  6:06  Mutalisk  
  82  6:07  Mutalisk x4  
  82  6:11  Zerg Flyer Weapons Level 1  
  92  6:14  Zerg Melee Weapons Level 1  
  92  6:17  Infestation Pit  
  90  6:30  Mutalisk x5  
  98  6:36  Zergling x2  
  98  6:37  Zergling x14  
  106  6:42  Queen  
  106  6:46  Drone x3  
  106  6:47  Drone  
  112  6:49  Overlord x2  
  112  7:03  Overlord  
  112  7:16  Drone x3  
  112  7:17  Drone x3  
  118  7:24  Overlord x3  
  118  7:30  Hatchery, Mutalisk  
  118  7:31  Extractor, Mutalisk x7  
  132  7:48  Mutalisk x6  
  132  7:49  Mutalisk x2  
  148  8:08  Mutalisk x4  
  148  8:10  Extractor  
  153  8:24  Mutalisk x2  
  153  8:25  Mutalisk  
  158  8:47  Mutalisk x6  
  161  8:49  Zergling x10  
  161  8:50  Overlord  
  161  8:51  Overlord x4  
  166  8:55  Overlord x2  
  166  9:10  Evolution Chamber  
Show
View Real Time Build Order
Export as new Build Order

SaharaLockwd Protoss 

Build Orders:  

Get SALT Encoding   

  12  0:01  Probe (Chrono Boost)  
  13  0:11  Probe (Chrono Boost)  
  14  0:22  Pylon, Probe  
  15  0:40  Probe  
  16  0:44  Gateway  
  16  0:52  Assimilator  
  16  0:54  Probe  
  17  1:07  Probe (Chrono Boost)  
  17  1:09  Forge  
  19  1:19  Probe (Chrono Boost)  
  19  1:21  Assimilator  
  19  1:26  Probe (Chrono Boost)  
  20  1:33  Probe  
  20  1:35  Pylon  
  21  1:52  Probe  
  22  2:04  Probe  
  22  2:08  Cybernetics Core  
  23  2:12  Zealot (Chrono Boost)  
  25  2:30  Zealot (Chrono Boost)  
  25  2:36  Nexus  
  27  2:45  Pylon  
  27  2:54  Pylon  
  27  2:57  Zealot  
  29  3:08  Stargate  
  29  3:15  Pylon  
  29  3:21  Warp Gate  
  29  3:26  Probe (Chrono Boost)  
  30  3:38  Probe (Chrono Boost)  
  31  3:43  Probe (Chrono Boost)  
  32  3:56  Pylon  
  32  3:58  Photon Cannon  
  32  3:59  Probe (Chrono Boost)  
  32  4:00  Photon Cannon  
  33  4:04  Void Ray  
  33  4:09  Probe (Chrono Boost)  
  38  4:20  Probe (Chrono Boost)  
  39  4:31  Probe (Chrono Boost)  
  40  4:33  Stargate  
  40  4:36  Probe (Chrono Boost)  
  41  4:53  Nexus  
  41  4:58  Pylon  
  41  5:01  Pylon  
  41  5:03  Probe (Chrono Boost)  
  42  5:16  Protoss Air Weapons Level 1  
  42  5:20  Fleet Beacon  
  43  5:22  Probe (Chrono Boost)  
  43  5:25  Assimilator  
  43  5:27  Probe (Chrono Boost)  
  45  5:29  Probe (Chrono Boost)  
  45  5:33  Probe (Chrono Boost)  
  46  5:52  Photon Cannon, Probe  
  46  5:55  Photon Cannon, Void Ray  
  46  5:57  Pylon  
  51  6:05  Probe  
  51  6:10  Assimilator  
  52  6:17  Probe  
  53  6:37  Void Ray x2  
  61  6:49  Probe (Chrono Boost)  
  61  6:53  Nexus  
  62  7:00  Probe (Chrono Boost)  
  63  7:05  Probe (Chrono Boost)  
  64  7:08  Photon Cannon  
  64  7:10  Photon Cannon  
  64  7:13  Pylon  
  64  7:14  Void Ray  
  68  7:24  Protoss Air Armor Level 1  
  68  7:34  Void Ray  
  72  7:51  Void Ray  
  76  8:06  Assimilator  
  76  8:08  Assimilator  
  76  8:11  Void Ray  
  58  8:34  Carrier  
  64  8:44  Stargate  
  56  8:53  Probe x2 (Chrono Boost)  
  60  9:04  Probe (Chrono Boost)  
  60  9:06  Probe (Chrono Boost)  
  60  9:09  Probe (Chrono Boost)  
Show
View Real Time Build Order
Export as new Build Order

bearPolar Terran 

Build Orders:  

Get SALT Encoding   

  12  0:02  SCV  
  13  0:14  SCV  
  14  0:26  SCV  
  15  0:30  Supply Depot  
  15  0:49  Refinery  
  15  0:51  SCV  
  16  0:57  Barracks  
  16  0:58  Barracks  
  16  1:04  SCV  
  17  1:19  SCV  
  18  1:42  Command Center  
  18  1:51  Barracks Tech Lab  
  18  1:58  Barracks Reactor  
  18  2:03  Orbital Command  
  18  2:10  Refinery  
  18  2:20  Marine, Stimpack  
  19  2:37  SCV  
  19  2:38  Marine  
  19  2:43  Marine  
  22  2:49  Marine  
  23  2:53  SCV  
  23  2:56  Marine  
  25  3:00  Factory  
  25  3:05  SCV  
  26  3:14  Orbital Command  
  26  3:17  Marine, SCV  
  28  3:27  Marine, Supply Depot  
  29  3:38  SCV  
  30  3:43  SCV  
  30  3:45  Marine x2  
  33  3:49  Factory Tech Lab  
  33  3:50  SCV  
  33  3:55  SCV  
  35  3:57  Starport  
  35  4:02  SCV  
  36  4:17  Marine, Supply Depot  
  36  4:18  Marine x2  
  36  4:19  Combat Shield  
  39  4:25  Siege Tank  
  39  4:27  SCV x2  
  44  4:35  Marine x2  
  46  4:39  SCV, Medivac  
  46  4:45  SCV  
  50  4:49  Refinery  
  50  5:12  Medivac  
  51  5:40  Refinery  
  51  5:41  Marine x3  
  54  5:47  Starport Reactor  
  54  5:52  Supply Depot  
  54  5:55  Supply Depot  
  54  6:00  Supply Depot  
  54  6:14  Marine x3, SCV x2, Armory, Siege Tank  
  62  6:26  SCV  
  62  6:32  Command Center  
  53  6:39  Medivac x2  
  57  6:41  Marine x3  
  57  6:43  SCV  
  61  6:58  Marine  
  62  7:02  SCV x2  
  64  7:14  SCV  
  56  7:15  Viking x2  
  56  7:17  Marine x3  
  56  7:20  Thor  
  69  7:34  Marine  
  69  7:35  Marine  
  69  7:36  Barracks  
  71  7:38  Barracks  
  71  7:42  Factory  
  70  8:19  Engineering Bay  
  70  8:20  Viking x2  
  68  8:42  Command Center  
  68  8:50  Viking x2  
Show
View Real Time Build Order
Export as new Build Order

Crugalug Protoss 

Build Orders: 1 Gate Expand 

Get SALT Encoding   

  12  0:01  Probe (Chrono Boost)  
  13  0:11  Probe (Chrono Boost)  
  14  0:19  Pylon  
  14  0:24  Probe  
  15  0:37  Probe  
  16  0:45  Gateway  
  16  0:49  Probe  
  17  0:53  Assimilator  
  17  1:02  Probe (Chrono Boost)  
  18  1:13  Probe (Chrono Boost)  
  19  1:18  Probe (Chrono Boost)  
  20  1:37  Cybernetics Core  
  20  1:42  Probe  
  20  1:44  Nexus  
  21  1:51  Pylon  
  21  1:54  Probe  
  22  2:07  Assimilator  
  22  2:10  Probe (Chrono Boost)  
  23  2:21  Probe (Chrono Boost)  
  24  2:26  Probe (Chrono Boost)  
  25  2:37  Probe  
  26  2:44  Warp Gate (Chrono Boost)  
  26  2:49  Assimilator, Probe  
  27  2:52  Assimilator  
  27  2:53  Pylon  
  27  2:57  Pylon  
  27  3:02  Pylon  
  27  3:06  Forge  
  27  3:10  Gateway  
  27  3:13  Probe (Chrono Boost)  
  27  3:14  Probe (Chrono Boost)  
  29  3:24  Probe (Chrono Boost)  
  30  3:40  Probe x2  
  32  3:52  Probe x2  
  34  4:02  Protoss Ground Weapons Level 1  
  34  4:04  Probe x2  
  36  4:14  Pylon  
  36  4:17  Pylon, Probe x2 (Chrono Boost)  
  38  4:19  Robotics Facility  
  38  4:20  Robotics Facility  
  38  4:29  Probe (Chrono Boost)  
  40  4:34  Probe (Chrono Boost)  
  40  4:37  Probe (Chrono Boost)  
  41  4:41  Probe (Chrono Boost)  
  41  4:43  Probe  
  43  4:53  Probe  
  43  4:55  Probe  
  45  5:03  Nexus  
  46  5:07  Probe x2 (Chrono Boost)  
  46  5:13  Immortal (Chrono Boost)  
  47  5:19  Probe (Chrono Boost)  
  57  5:21  Probe (Chrono Boost)  
  57  5:23  Immortal (Chrono Boost)  
  57  5:29  Probe  
  58  5:44  Immortal  
  58  5:46  Probe x2  
  64  5:56  Immortal  
  68  6:00  Pylon  
  68  6:02  Forge, Gateway  
  68  6:06  Gateway  
  68  6:08  Gateway  
  70  6:40  Observer x2  
  70  7:01  Probe x2 (Chrono Boost)  
  73  7:05  Probe (Chrono Boost)  
  73  7:11  Probe x2 (Chrono Boost)  
  73  7:15  Probe (Chrono Boost)  
  75  7:16  Probe (Chrono Boost)  
  74  7:25  Probe  
  74  7:27  Stalker x3  
  74  7:28  Stalker x2  
  66  7:37  Probe  
  67  7:46  Gateway  
  67  7:49  Gateway  
  67  7:56  Twilight Council  
  67  8:00  Immortal  
  67  8:01  Immortal  
  67  8:03  Stalker x2  
  67  8:04  Stalker x3  
  85  8:15  Pylon  
  85  8:17  Pylon  
  85  8:20  Pylon  
  85  8:31  Stalker  
  85  8:32  Stalker x3  
  92  8:46  Nexus  
  92  8:51  Pylon  
  92  8:59  Gateway  
  92  9:00  Gateway  
  92  9:07  Gateway  
  75  9:12  Gateway  
  75  9:16  Zealot x3  
  75  9:17  Zealot x4  
Tags
 
Add a new tag
Caveats
  • Supply blocks, unpowered buildings, or Contaminate may cause inaccurate times.
  • Supply counts are checked every 10 seconds.